 Dungeon Crawl Stone Soup version 0.27-a0-1060-gcb85b5eba1 (webtiles) character file.

Game seed: 15463013805748515855

32 wakim the Ducker (level 3, -4/23 (28) HPs)
             Began as a Demonspawn Gladiator on Apr 21, 2021.
             Slain by Robin
             ... wielding a +1 short sword of draining
              (5 damage)
             ... on level 1 of the Dungeon.
             The game lasted 00:03:28 (2102 turns).

wakim the Ducker (Demonspawn Gladiator)             Turns: 2102, Time: 00:03:28

HP:   -4/23 (28)    AC:  3    Str: 15    XL:     3   Next: 10%
MP:   3/3           EV: 12    Int:  9    God:
Gold: 6             SH:  0    Dex: 14    Spells: 2/2 levels left

rFire    . . .     SeeInvis .   a - +0 flail
rCold    . . .     Faith    .   (no shield)
rNeg     . . .     Spirit   .   b - +0 leather armour
rPois    .         Reflect  .   (helmet restricted)
rElec    .         Harm     .   (no cloak)
rCorr    .         Rampage  .   (no gloves)
Will     .....                  (no boots)
Stlth    +.........             (no amulet)
HPRegen  0.07/turn              (no ring)
MPRegen  0.08/turn              (no ring)

@: heavily drained
A: antennae 1, claws 1
a: no special abilities


You were on level 1 of the Dungeon.
You visited 1 branch of the dungeon, and saw 2 of its levels.

You collected 6 gold pieces.

Inventory:

Hand Weapons
 a - a +0 flail (weapon)
Missiles
 d - 3 throwing nets (quivered) {=f!f}
Armour
 b - a +0 leather armour (worn)
Potions
 e - a potion of might {unknown}


   Skills:
 + Level 2.3 Fighting
 * Level 3.2 Maces & Flails
 - Level 1.7 Throwing
 * Level 3.2 Dodging


You had 2 spell levels left.
You didn't know any spells.
Your spell library was empty.

Dungeon Overview and Level Annotations

Branches:
Dungeon (2/15)

Altars:

Annotations:
D:1 Robin


Innate Abilities, Weirdness & Mutations

You have a pair of small antennae on your head.
You have sharp fingernails.


Message History

There is a stone staircase leading down here.
You see here a +0 helmet.
You climb downwards.
Level annotation: Robin Robin says, "My goblins will feast on your bones."
There is a stone staircase leading up, spattered with blood here.
You hit Robin.
Robin is moderately wounded.
Robin hits you with a +1 short sword of draining!
You feel drained.
You barely miss Robin.
Robin is moderately wounded.
Robin misses you. Robin hits you but does no damage.
You feel drained. The goblin hits you but does no damage.
Robin throws the goblin at you!
You climb upwards.
There is a stone staircase leading down here.
You see here a +0 helmet.
You hit Robin.
Robin is moderately wounded.
The goblin closely misses you. Robin closely misses you.
You thump the goblin!
You kill the goblin!
Robin hits you with a +1 short sword of draining.
* * * LOW HITPOINT WARNING * * *
You feel drained.
* * * LOW HITPOINT WARNING * * *
You closely miss Robin.
Robin is moderately wounded.
Robin hits you with a +1 short sword of draining.
* * * LOW HITPOINT WARNING * * *
You feel drained.
* * * LOW HITPOINT WARNING * * *
Robin hits you with a +1 short sword of draining.
* * * LOW HITPOINT WARNING * * *
You feel drained.
* * * LOW HITPOINT WARNING * * *
You hit Robin.
Robin is moderately wounded.
Robin hits you with a +1 short sword of draining.
You die...

#.....# #.... #.....# #....
#.....# #.... #.....# #....
#.....# #.... #.....# #....
############...).# #....
#..............))############....
#.#########.....@................
#.# #####....).g...............
#.# #...#......################
#.# #.#.#.#.###################
#.# #.#.#.#.#..................
#.# #...#.#.###.###############
#.# #.[.#.#.# #.# # #.# #.#.#.#.#
#.# ###### #.# #.#.#.#.# #.#
#⌠...⌠


You could see Robin.

Vanquished Creatures
  A dart slug (D:1)
  An endoplasm (D:1)
  9 goblins
  4 hobgoblins (D:1)
  2 jackals (D:1)
  A kobold (D:1)
  2 quokkas (D:1)
  3 bats (D:1)
  2 rats (D:1)
25 creatures vanquished.

Notes
Turn   | Place    | Note
-------+----------+-------------------------------------------
     0 | D:1      | wakim the Demonspawn Gladiator began the quest for the Orb.
     0 | D:1      | Reached XP level 1. HP: 16/16 MP: 1/1
   530 | D:1      | Gained mutation: You have a pair of small antennae on your
                  | head. [demonic ancestry]
   530 | D:1      | Reached XP level 2. HP: 22/22 MP: 2/2
  1692 | D:2      | Noticed Robin
  1874 | D:1      | Gained mutation: You have sharp fingernails. [demonic
                  | ancestry]
  1874 | D:1      | Reached XP level 3. HP: 9/28 MP: 3/3
  2101 | D:1      | HP: 1/23 [Robin/+1 short sword of draining (1)]
  2102 | D:1      | Slain by Robin

Illustrated notes

Levels and vault maps discovered:
D:1:      amcnicky_arrival_gap_in_the_tavern_cellar, layout_basic
D:2:      layout_loops_ring, kennysheep_generic_room_15, uniq_robin,
          uniq_sigmund

Skill      XL: |  1  2 |
---------------+-------+-----
Maces & Flails | 3 |  3.2
Dodging        | 3 |  3.2
Fighting       | |  2.3
Throwing       | |  1.7

Action                   || total
-------------------------++-------
Melee: Flail             ||    82
  Use: Scroll            ||     2
Armor: Leather armour    ||    29
Dodge: Dodged            ||    74

Table legend: (Time is in decaauts)
 A = Elapsed time spent in this place.
 B = Non-inter-level travel time spent in this place.
 C = Inter-level travel time spent in this place.
 D = Time resting spent in this place.
 E = Time spent auto-exploring this place.
 F = Levels seen in this place.
 G = Mean time per level.
                   A        B        C        D        E       F      G
               +--------+--------+--------+--------+--------+-----+--------+
         Total |   2124 |   2104 |     20 |    100 |   1770 |   2 | 1062.0 |
       Dungeon |   2124 |   2104 |     20 |    100 |   1770 |   2 | 1062.0 |
               +--------+--------+--------+--------+--------+-----+--------+

Top non-repeatable levels by time:
     D:1: 2043 daAuts
     D:2: 80 daAuts
